 Dungeon Crawl Stone Soup version 0.23-a0-164-g7711e57 (webtiles) character file.

4027 topirishpotato the Cleaver (level 10, 0/79 HPs)
             Began as a Formicid Fighter on Sept 10, 2018.
             Was a Follower of Cheibriados.
             Slain by a troll (7 damage)
             ... on level 9 of the Dungeon.
             The game lasted 00:14:56 (8632 turns).

topirishpotato the Cleaver (Formicid Fighter)       Turns: 8632, Time: 00:14:56

Health: 0/79       AC: 15    Str: 25    XL:     10   Next: 47%
Magic:  10/10      EV:  6    Int: 11    God:    Cheibriados [*.....]
Gold:   363        SH: 10    Dex: 19    Spells: 9/9 levels left

rFire    . . .     SeeInvis +   a - +1 war axe
rCold    + . .     Gourm    .   c - +0 shield
rNeg     . . .     Faith    .   r - +0 chain mail
rPois    .         Spirit   .   (helmet unavailable)
rElec    .         Reflect  .   o - +0 cloak
rCorr    .         Harm     .   l - +2 pair of gloves {Str+3}
MR       +....                  (no boots)
Stlth    ..........             (no amulet)
HPRegen  0.23/turn              j - +4 ring of dexterity
MPRegen  0.12/turn              p - ring of protection from cold

@: very slow
A: permanent stasis, dig shafts and tunnels, four strong arms, antennae 3
a: Dig, Shaft Self, Bend Time, Renounce Religion


You were on level 9 of the Dungeon.
You worshipped Cheibriados.
Cheibriados was aware of your devotion.
You were very hungry.

You visited 2 branches of the dungeon, and saw 10 of its levels.

You collected 363 gold pieces.

Inventory:

Hand Weapons
 a - a +1 war axe (weapon)
Armour
 b - a +0 scale mail
 c - a +0 shield (worn)
 l - a +2 pair of gloves of strength (worn)
 o - a +0 cloak (worn)
 r - a +0 chain mail (worn)
Jewellery
 i - an uncursed ring of fire
 j - a +4 ring of dexterity (left hand)
 p - a ring of protection from cold (right hand)
Wands
 x - a wand of disintegration (28)
Scrolls
 d - a scroll of identify
 e - 2 scrolls of immolation
 g - 6 scrolls of remove curse
 m - 3 scrolls of amnesia
 n - a scroll of fear {unknown}
 s - a scroll of summoning {unknown}
Potions
 h - a potion of agility
 k - a potion of brilliance
 q - 3 potions of curing
 t - a potion of flight
 z - a potion of resistance
Comestibles
 f - 10 rations


   Skills:
 + Level 7.5 Fighting
 + Level 11.1 Axes
 + Level 8.4 Armour
 - Level 3.6 Shields


You had 9 spell levels left.
You didn't know any spells.
Your spell library contained the following spells:

 Spells                   Type           Power        Failure   Level  Hunger
 Magic Dart               Conj           #...         99%         1    ##.....
 Call Imp                 Summ           #.......     100%        2    ###....
 Slow                     Hex            #.......     100%        2    ###....
 Conjure Flame            Conj/Fire      #.......     100%        3    ####...
 Mephitic Cloud           Conj/Pois/Air  #.......     100%        3    ####...
 Poison Arrow             Conj/Pois      #.........   100%        6    #######
 Chain Lightning          Conj/Air       #.........   100%        8    #######
 Lehudib's Crystal Spear  Conj/Erth      #.........   100%        8    #######
 Fire Storm               Conj/Fire      #.........   100%        9    #######
 Glaciate                 Conj/Ice       #.........   100%        9    #######
 Blink                    Tloc           Unusable     N/A         2    N/A

Dungeon Overview and Level Annotations

Branches:
Dungeon (9/15)             Temple (1/1) D:7            Lair (0/6) D:8
    Orc: D:9-12

Altars:
Ashenzari
Cheibriados
Dithmenos
Elyvilon
Fedhas
Gozag
Kikubaaqudgha
Makhleb
Nemelex Xobeh
Okawaru
Qazlal
Ru
Sif Muna
Trog
Uskayaw
Vehumet
Wu Jian
Xom
Yredelemnul
Zin
The Shining One

Shops:
D:6 [

Annotations:
D:4 1 runed door


Innate Abilities, Weirdness & Mutations

You cannot be hasted, slowed, berserked, paralysed or teleported.
You can dig through walls and to a lower floor.
Your four strong arms can wield two-handed weapons with a shield.
You have a pair of large antennae on your head. (SInv)


Message History

You block the troll's attack.
You completely miss the troll.
The troll is heavily wounded.
The crimson imp summons a swarm of flies.
The troll bites you!
* * * LOW HITPOINT WARNING * * *
You block the troll's attack. The troll claws you but does no damage.
Your chain mail prevents you from hitting the troll.
The troll is heavily wounded.
The troll bites you but does no damage. You block the troll's attack. x2
Unknown command.
You hit the troll.
The troll is severely wounded.
The troll bites you!
* * * LOW HITPOINT WARNING * * *
The troll claws you but does no damage. The troll completely misses you.
The troll bites you.
* * * LOW HITPOINT WARNING * * *
You block the troll's attack. The troll claws you!
You die...

+ # .# #. #>#
.##.## #..###+
...... ##..!....
###...####T†......
.........@.5......
#.......##........
#.#..##.###.......
# #..##.# #.....#
#.##.##.# #...##
#.......# #+##
####.#### #.# #.#
#######.## #.#
#........###


You could see a troll and a crimson imp.

Vanquished Creatures
  Joseph (D:8)
  2 hippogriffs
  A hungry ghost (D:4)
  2 wyverns (D:9)
  A water moccasin (D:8)
  3 ice beasts
  2 sky beasts
  An orc warrior (D:6)
  3 phantoms
  A centaur (D:7)
  2 ogres (D:8)
  A big kobold (D:8)
  A gnoll sergeant (D:8)
  3 bullfrogs (D:7)
  3 killer bees (D:7)
  A scorpion (D:7)
  A crimson imp (D:5)
  5 howler monkeys
  A jelly (D:8)
  5 hounds
  An orc priest (D:7)
  Crazy Yiuf (D:3)
  A bullfrog skeleton (D:9)
  A centaur skeleton (D:5)
  7 orc wizards
  Natasha (thrice) (D:2)
  2 iguanas
  7 worker ants
  5 gnolls (D:8)
  5 adders
  4 shadow imps
  An ooze (D:2)
  An adder skeleton (D:4)
  2 adder zombies
  4 worms
  2 dart slugs (D:1)
  7 leopard geckos
  23 orcs
  3 giant cockroaches
  7 goblins
  9 hobgoblins
  11 jackals
  3 quokkas
  5 bats
  7 frilled lizards
  A jackal skeleton (D:4)
  A jackal zombie (D:5)
  12 kobolds
  A quokka zombie (D:7)
  6 rats
  3 fungi (D:3)
186 creatures vanquished.

Vanquished Creatures (others)
  A bullfrog (D:9)
  An orc wizard (D:9)
  A worker ant (D:9)
  3 orcs (D:9)
6 creatures vanquished.

Grand Total: 192 creatures vanquished

Notes
Turn   | Place    | Note
-------+----------+-------------------------------------------
     0 | D:1      | topirishpotato the Formicid Fighter began the quest for the
                  | Orb.
     0 | D:1      | Reached XP level 1. HP: 18/18 MP: 1/1
   201 | D:1      | Reached XP level 2. HP: 22/24 MP: 2/2
   482 | D:1      | Reached XP level 3. HP: 30/30 MP: 3/3
   808 | D:2      | Found a hide-covered altar of Uskayaw.
   853 | D:2      | Reached skill level 3 in Axes
   892 | D:2      | Noticed Natasha
   902 | D:2      | Killed Natasha
   902 | D:2      | Reached XP level 4. HP: 15/37 MP: 4/4
  1141 | D:2      | Found a faded altar of an unknown god.
  1272 | D:2      | Found a sacrificial altar of Ru.
  1399 | D:2      | Reached XP level 5. HP: 31/42 MP: 5/5
  1441 | D:2      | Found a white marble altar of Elyvilon.
  1442 | D:2      | Found a radiant altar of Vehumet.
  1472 | D:2      | Noticed Natasha
  1478 | D:2      | Killed Natasha
  1583 | D:2      | Noticed Natasha
  1592 | D:2      | Killed Natasha
  1592 | D:2      | Reached skill level 4 in Axes
  1879 | D:3      | Found a shadowy altar of Dithmenos.
  1999 | D:3      | Reached XP level 6. HP: 48/48 MP: 6/6
  2227 | D:3      | Found a runed door.
  2231 | D:3      | Noticed Crazy Yiuf
  2238 | D:3      | Killed Crazy Yiuf
  2465 | D:4      | Noticed an ice beast
  2477 | D:4      | Killed an ice beast
  2477 | D:4      | Reached skill level 5 in Axes
  2509 | D:4      | Found a shadowy altar of Dithmenos.
  2547 | D:4      | Reached XP level 7. HP: 49/55 MP: 7/7
  2638 | D:4      | Reached skill level 6 in Axes
  2638 | D:4      | Reached skill level 5 in Armour
  2891 | D:4      | Found a runed door.
  2892 | D:4      | Found a glowing silver altar of Zin.
  2892 | D:4      | Noticed an angel
  2940 | D:4      | Noticed a hungry ghost
  2963 | D:4      | Killed a hungry ghost
  2963 | D:4      | Reached skill level 5 in Fighting
  2963 | D:4      | Reached XP level 8. HP: 56/62 MP: 8/8
  2976 | D:4      | Reached skill level 7 in Axes
  3367 | D:4      | Found a burning altar of Makhleb.
  3367 | D:4      | Noticed a blizzard demon
  3370 | D:4      | Noticed a hellwing
  3458 | D:5      | Entered Level 5 of the Dungeon
  3864 | D:5      | Found a radiant altar of Vehumet.
  3955 | D:5      | Found a stormy altar of Qazlal.
  4511 | D:6      | Found a shimmering altar of Xom.
  4612 | D:6      | Found Asagh's Armour Boutique.
  4789 | D:6      | Reached skill level 8 in Axes
  4905 | D:6      | You fall through a shaft for 3 floors!
  4905 | D:9      | Noticed a wyvern
  4910 | D:9      | Killed a wyvern
  4911 | D:9      | Reached XP level 9. HP: 69/69 MP: 9/9
  5008 | D:7      | Reached skill level 9 in Axes
  5985 | D:7      | Found a staircase to the Ecumenical Temple.
  5990 | Temple   | Entered the Ecumenical Temple
  6099 | Temple   | Became a worshipper of Cheibriados the Contemplative
  6389 | D:7      | Noticed a hippogriff
  6404 | D:7      | Killed a hippogriff
  6404 | D:7      | Reached skill level 10 in Axes
  6858 | D:8      | Noticed a hippogriff
  6865 | D:8      | Killed a hippogriff
  6865 | D:8      | Reached XP level 10. HP: 70/77 MP: 10/10
  7315 | D:8      | Found a glowing silver altar of Zin.
  7828 | D:8      | Found a staircase to the Lair.
  7923 | D:8      | Noticed Joseph
  7952 | D:8      | Killed Joseph
  7952 | D:8      | Reached skill level 11 in Axes
  8451 | D:9      | Found a runed door.
  8456 | D:9      | Found a basalt altar of Yredelemnul.
  8549 | D:9      | Reached * piety under Cheibriados
  8632 | D:9      | Slain by a troll

Vault maps used:
D:1:      dpeg_arrival_tiny_k, serial_curves, eino_curves_04, eino_curves_01
D:2:      eat_drink_and_be_merry_uskayaw, nicolae_ru_sacrificial_ziggurat,
          gammafunk_temple_overflow_pools, chequers_ecumenical_altar_island,
          fountainhead, uniq_natasha
D:3:      nicolae_dithmenos_through_a_glass_darkly, uniq_crazy_yiuf_cottage
D:4:      marbit_many_paths, makhleb_altar_promises_db, lemuel_angel_altar
D:5:      grunt_qazlal_clouds, first_ration, basic_altar, eino_curves_02
D:6:      nicolae_overflow_hidden_temple, serial_shops, nicolae_shop_stone
D:7:      minmay_temple_entry_overgrown
D:8:      zin_academy, nicolae_ossuary_entry_ruins, supply_closet_lemuel,
          minmay_crystal_room, uniq_joseph
D:9:      kennysheep_little_box, dk_yredelemnul_ordeal
Temple:   hc_temple_tempest_star

Skill      XL: |  1  2  3  4  5  6  7  8  9 10 |
---------------+-------------------------------+-----
Axes           | 3 4 5 6 8 10 11 | 11.1
Fighting       | 4 5 6 7 |  7.5
Armour         | 4 5 6 7 8 |  8.4
Shields        | |  3.6

Action                   |  1- 3 |  4- 6 |  7- 9 | 10-12 || total
-------------------------+-------+-------+-------+-------++-------
Melee: War axe           |   101 |   158 |   367 |   139 ||   765
  Use: Scroll            |       |     2 |     5 |     1 ||     8
       Potion            |       |       |    10 |       ||    10
  Eat: Chunk             |       |     5 |     5 |     2 ||    12
       Ration            |       |       |     5 |     1 ||     6
Armor: Scale mail        |    49 |    72 |    45 |       ||   166
       Chain mail        |       |       |   159 |    53 ||   212
Dodge: Dodged            |    34 |    48 |   111 |    35 ||   228
Block: Shield            |    48 |    83 |   212 |    74 ||   417

Table legend:
 A = Non-vault XP
 B = Vault XP
 C = Vault XP percentage of total XP
 D = Non-vault monster count
 E = Vault monster count
 F = Vault count percentage of total count
                 A         B        C        D         E       F
            +---------+---------+-------+---------+---------+-------
      Total |    5248 |     506 |   8.8 |     180 |       3 |   1.6
            +---------+---------+-------+---------+---------+-------
        D:1 |      30 |       0 |   0.0 |      17 |       0 |   0.0
        D:2 |     147 |      36 |  19.7 |      30 |       1 |   3.2
        D:3 |      64 |      40 |  38.5 |      23 |       1 |   4.2
        D:4 |     837 |       0 |   0.0 |      25 |       0 |   0.0
        D:5 |     186 |       0 |   0.0 |      10 |       0 |   0.0
        D:6 |     403 |       0 |   0.0 |      13 |       0 |   0.0
        D:7 |    1470 |       0 |   0.0 |      30 |       0 |   0.0
        D:8 |    1272 |     430 |  25.3 |      21 |       1 |   4.5
        D:9 |     839 |       0 |   0.0 |      11 |       0 |   0.0
            +---------+---------+-------+---------+---------+-------
